NYP
ABERDEEN IRONBIRDS @ MINNESOTA (NYP) TWINS
06/14/2048
 
TOP OF THE 1ST
Aberdeen Ironbirds batting - Pitching for Minnesota (NYP) Twins : LHP Ricky Lopez
Pitching: LHP Ricky Lopez
Batting: RHB Kevin Popowicz 0-0: Called Strike
0-1: Foul Ball, location: 2F
0-2: Ground out 6-3 (Groundball, 6S, EV 91.2 MPH)
Batting: RHB Jonathan Mendoza 0-0: SINGLE (Line Drive, 56D, EV 101.2 MPH)
Batting: RHB Chris McGuirk 0-0: Called Strike
0-1: Ball
1-1: Called Strike
1-2: Ball
2-2: Foul Ball, location: 2F
2-2: Strikes out swinging
Batting: RHB Alfredo Reguera 0-0: Ball
1-0: Ball
2-0: Ball
3-0: Called Strike
3-1: Base on Balls
Jonathan Mendoza to second
Batting: LHB Sam Williams 0-0: Called Strike
0-1: Ball
1-1: Called Strike
1-2: Ball
2-2: Ball
3-2: SINGLE (Groundball, 4S, EV 68.8 MPH) (infield hit)
Jonathan Mendoza to third
Alfredo Reguera to second
Batting: RHB Wil Ochoa 0-0: Ball
1-0: Ball
2-0: Ball
3-0: Called Strike
3-1: SINGLE (Flyball, 56D, EV 81.9 MPH)
Jonathan Mendoza scores
Alfredo Reguera to third
Sam Williams to second
Runner from 3rd tries for Home, SAFE, throw by LF to home
Batting: LHB Vinny Rivera 0-0: Swinging Strike
0-1: SINGLE (Line Drive, 9S, EV 108.8 MPH)
Sam Williams to third
Wil Ochoa to second
Runner from 3rd tries for Home, SAFE, throw by RF to home
Batting: RHB Fernando Bravo 0-0: Fly out, F7 (Line Drive, 7S, EV 105.6 MPH)
Top of the 1st over - 3 runs, 4 hits, 0 errors, 2 left on base; Aberdeen 3 - Minnesota (NYP) 0
BOTTOM OF THE 1ST
Minnesota (NYP) Twins batting - Pitching for Aberdeen Ironbirds : RHP Steve Webb
Pitching: RHP Steve Webb
Batting: RHB David McClellan 0-0: Ball
1-0: Fly out, F7 (Line Drive, 7S, EV 95.0 MPH)
Batting: RHB Caleb Bockmann 0-0: Called Strike
0-1: Foul Ball, location: 2F
0-2: SINGLE (Groundball, 4MS, EV 99.4 MPH)
Batting: LHB Tomas Espino 0-0: Ball
1-0: Called Strike
Caleb Bockmann steals 2nd base
1-1: Ball
2-1: Swinging Strike
2-2: Strikes out swinging
Batting: RHB Steve Terrell 0-0: Ball
1-0: Swinging Strike
1-1: Foul Ball, location: 2F
1-2: Ground out 5-3 (Groundball, 56S, EV 70.6 MPH)
Bottom of the 1st over - 0 runs, 1 hit, 0 errors, 1 left on base; Aberdeen 3 - Minnesota (NYP) 0
TOP OF THE 2ND
Aberdeen Ironbirds batting - Pitching for Minnesota (NYP) Twins : LHP Ricky Lopez
Batting: RHB Matt Berrier 0-0: Ball
1-0: Ball
2-0: Ground out 5-3 (Groundball, 56, EV 103.1 MPH)
Batting: RHB Kevin Popowicz 0-0: Foul Ball, location: 2F
0-1: DOUBLE (Flyball, 8LXD, EV 111.9 MPH)
Batting: RHB Jonathan Mendoza 0-0: Ball
1-0: Called Strike
1-1: Swinging Strike
1-2: Strikes out swinging
Batting: RHB Chris McGuirk 0-0: Called Strike
Kevin Popowicz steals 3rd base
0-1: Foul Ball, location: 2F
0-2: Ball
1-2: Ground out 3-1 (Groundball, 34, EV 84.4 MPH)
Top of the 2nd over - 0 runs, 1 hit, 0 errors, 1 left on base; Aberdeen 3 - Minnesota (NYP) 0
BOTTOM OF THE 2ND
Minnesota (NYP) Twins batting - Pitching for Aberdeen Ironbirds : RHP Steve Webb
Batting: RHB Pat Adams 0-0: Ball
1-0: Foul Ball, location: 2F
1-1: Fly out, F8 (Flyball, 8RS, EV 98.8 MPH)
Batting: RHB Fhil Mikrakin 0-0: Ball
1-0: Ball
2-0: Foul Ball, location: 2F
2-1: Foul Ball, location: 2F
2-2: Foul Ball, location: 2F
2-2: Ball
3-2: Foul Ball, location: 2F
3-2: Foul Ball, location: 2F
3-2: Foul Ball, location: 2F
3-2: Ground out 4-3 (Groundball, 4, EV 107.5 MPH)
Batting: LHB Yasutoshi Hayashi 0-0: Called Strike
0-1: Ground out U3 (Groundball, 3, EV 103.8 MPH)
Bottom of the 2nd over - 0 runs, 0 hits, 0 errors, 0 left on base; Aberdeen 3 - Minnesota (NYP) 0
TOP OF THE 3RD
Aberdeen Ironbirds batting - Pitching for Minnesota (NYP) Twins : LHP Ricky Lopez
Batting: RHB Alfredo Reguera 0-0: Called Strike
0-1: Swinging Strike
0-2: Strikes out swinging
Batting: LHB Sam Williams 0-0: Swinging Strike
0-1: Ball
1-1: Swinging Strike
1-2: Ball
2-2: Ball
3-2: Foul Ball, location: 2F
3-2: Base on Balls
Batting: RHB Wil Ochoa 0-0: Ball
1-0: Ball
2-0: Foul Ball, location: 2F
2-1: Called Strike
2-2: Foul Ball, location: 2F
2-2: Strikes out swinging
Batting: LHB Vinny Rivera 0-0: Swinging Strike
0-1: Ball
1-1: Ball
2-1: Foul Ball, location: 2F
2-2: Strikes out swinging
Top of the 3rd over - 0 runs, 0 hits, 0 errors, 1 left on base; Aberdeen 3 - Minnesota (NYP) 0
BOTTOM OF THE 3RD
Minnesota (NYP) Twins batting - Pitching for Aberdeen Ironbirds : RHP Steve Webb
Batting: LHB Ben Roth 0-0: Ball
1-0: Called Strike
1-1: Ball
2-1: Foul Ball, location: 2F
2-2: Strikes out looking
Batting: SHB Juan Aguilar 0-0: Ball
1-0: Foul Ball, location: 2F
1-1: Ball
2-1: Ball
3-1: Called Strike
3-2: Strikes out swinging
Batting: RHB David McClellan 0-0: Ball
1-0: Ball
2-0: Ball
3-0: Called Strike
3-1: SINGLE (Groundball, 4MD, EV 98.8 MPH)
Batting: RHB Caleb Bockmann 0-0: Called Strike
David McClellan steals 2nd, throwing error, E2
David McClellan to third
0-1: Ground out 5-3 (Groundball, 56, EV 104.4 MPH)
Bottom of the 3rd over - 0 runs, 1 hit, 1 error, 1 left on base; Aberdeen 3 - Minnesota (NYP) 0
TOP OF THE 4TH
Aberdeen Ironbirds batting - Pitching for Minnesota (NYP) Twins : LHP Ricky Lopez
Batting: RHB Fernando Bravo 0-0: Ball
1-0: Ball
2-0: Ball
3-0: Called Strike
3-1: Base on Balls
Batting: RHB Matt Berrier 0-0: Called Strike
0-1: SINGLE (Line Drive, 8RS, EV 98.8 MPH)
Fernando Bravo to second
Batting: RHB Kevin Popowicz 0-0: Ball
1-0: Fly out, F8 (Flyball, 78S, EV 89.4 MPH)
Batting: RHB Jonathan Mendoza 0-0: Called Strike
0-1: Ball
Passed Ball!
Fernando Bravo to third
Matt Berrier to second
1-1: Swinging Strike
1-2: Ball
2-2: Foul Ball, location: 2F
2-2: TRIPLE (Flyball, 89XD, EV 95.6 MPH)
Fernando Bravo scores
Matt Berrier scores
Pitching: LHP Yeijiro Kimura
Batting: RHB Chris McGuirk 0-0: Foul Ball, location: 2F
0-1: Called Strike
0-2: Ball
1-2: Strikes out swinging
Batting: RHB Alfredo Reguera 0-0: Ball
1-0: Foul Ball, location: 2F
1-1: Foul Ball, location: 2F
1-2: Foul Ball, location: 2F
1-2: Ball
2-2: Strikes out swinging
Top of the 4th over - 2 runs, 2 hits, 0 errors, 1 left on base; Aberdeen 5 - Minnesota (NYP) 0
BOTTOM OF THE 4TH
Minnesota (NYP) Twins batting - Pitching for Aberdeen Ironbirds : RHP Steve Webb
Batting: LHB Tomas Espino 0-0: Foul Ball, location: 2F
0-1: Ball
1-1: Swinging Strike
1-2: Foul Ball, location: 2F
1-2: Foul Ball, location: 2F
1-2: Ball
2-2: Strikes out swinging
Batting: RHB Steve Terrell 0-0: Ball
1-0: Called Strike
1-1: Ball
2-1: Foul Ball, location: 2F
2-2: SINGLE (Line Drive, 6D, EV 96.9 MPH)
Batting: RHB Pat Adams 0-0: Ball
Steve Terrell is caught stealing 2nd base 2-4
1-0: Foul Ball, location: 2F
1-1: DOUBLE (Groundball, 5L, EV 98.8 MPH)
Batting: RHB Fhil Mikrakin 0-0: SINGLE (Line Drive, 8RS, EV 92.5 MPH)
Pat Adams to third
Runner from 3rd tries for Home, SAFE, throw by CF to home
Batting: LHB Yasutoshi Hayashi 0-0: Foul Ball, location: 2F
0-1: Called Strike
0-2: Strikes out swinging
Bottom of the 4th over - 1 run, 3 hits, 0 errors, 1 left on base; Aberdeen 5 - Minnesota (NYP) 1
TOP OF THE 5TH
Aberdeen Ironbirds batting - Pitching for Minnesota (NYP) Twins : LHP Yeijiro Kimura
Batting: LHB Sam Williams 0-0: Foul Ball, location: 2F
0-1: Ball
1-1: Foul Ball, location: 2F
1-2: Ball
2-2: Ball
3-2: Strikes out looking
Batting: RHB Wil Ochoa 0-0: Ball
1-0: Called Strike
1-1: Foul Ball, location: 2F
1-2: Ball
2-2: Strikes out looking
Batting: LHB Vinny Rivera 0-0: Ball
1-0: Ball
2-0: Ball
3-0: Base on Balls
Batting: RHB Fernando Bravo 0-0: Called Strike
Vinny Rivera is caught stealing 2nd base 2-4
Top of the 5th over - 0 runs, 0 hits, 0 errors, 0 left on base; Aberdeen 5 - Minnesota (NYP) 1
BOTTOM OF THE 5TH
Minnesota (NYP) Twins batting - Pitching for Aberdeen Ironbirds : RHP Steve Webb
Batting: LHB Ben Roth 0-0: Ball
1-0: Ball
2-0: Ball
3-0: Base on Balls
Batting: SHB Juan Aguilar 0-0: Foul Ball, location: 2F
0-1: Grounds into double play, 4-6-3 (Groundball, 4, EV 98.1 MPH)
Batting: RHB David McClellan 0-0: Ball
1-0: Ball
2-0: Foul Ball, location: 2F
2-1: Called Strike
2-2: Foul Ball, location: 2F
2-2: Foul Ball, location: 2F
2-2: Ball
3-2: Strikes out looking
Bottom of the 5th over - 0 runs, 0 hits, 0 errors, 0 left on base; Aberdeen 5 - Minnesota (NYP) 1
TOP OF THE 6TH
Aberdeen Ironbirds batting - Pitching for Minnesota (NYP) Twins : LHP Yeijiro Kimura
Batting: RHB Fernando Bravo 0-0: Called Strike
0-1: Called Strike
0-2: Ball
1-2: Strikes out swinging
Batting: RHB Matt Berrier 0-0: Ball
1-0: Ground out 6-3 (Groundball, 6, EV 94.4 MPH)
Batting: RHB Kevin Popowicz 0-0: Ball
1-0: Foul Ball, location: 2F
1-1: Ball
2-1: Ball
3-1: Hit by Pitch
Batting: RHB Jonathan Mendoza 0-0: Called Strike
0-1: Called Strike
0-2: Ball
1-2: SINGLE (Line Drive, 56, EV 100.0 MPH)
Kevin Popowicz to second
Batting: RHB Chris McGuirk 0-0: SINGLE (Line Drive, 6D, EV 94.4 MPH)
Kevin Popowicz to third
Jonathan Mendoza to second
Runner from 3rd tries for Home, SAFE, throw by LF to home
Batting: RHB Alfredo Reguera 0-0: Ball
1-0: Foul Ball, location: 2F
1-1: Ball
2-1: Ball
3-1: Called Strike
3-2: Foul Ball, location: 2F
3-2: Base on Balls
Jonathan Mendoza to third
Chris McGuirk to second
Batting: LHB Sam Williams 0-0: Foul Ball, location: 2F
0-1: Ball
1-1: Swinging Strike
1-2: Ball
2-2: Fly out, F9 (Line Drive, 89M, EV 93.8 MPH)
Top of the 6th over - 1 run, 2 hits, 0 errors, 3 left on base; Aberdeen 6 - Minnesota (NYP) 1
BOTTOM OF THE 6TH
Minnesota (NYP) Twins batting - Pitching for Aberdeen Ironbirds : RHP Steve Webb
Batting: RHB Caleb Bockmann 0-0: Foul Ball, location: 2F
0-1: Ball
1-1: Ball
2-1: Ball
3-1: Base on Balls
Batting: LHB Tomas Espino 0-0: Fielders Choice at 2nd, 1-6 (Groundball, 34S, EV 65.0 MPH)
Batting: RHB Steve Terrell 0-0: SINGLE (Groundball, 6MD, EV 110.6 MPH)
Tomas Espino to second
Runner from 2nd tries for 3rd, SAFE, throw by CF made to third
Batting: RHB Pat Adams 0-0: Called Strike
Steve Terrell is caught stealing 2nd base 2-4
0-1: Ground out 6-3 (Groundball, 4MD, EV 101.2 MPH)
Bottom of the 6th over - 0 runs, 1 hit, 0 errors, 1 left on base; Aberdeen 6 - Minnesota (NYP) 1
TOP OF THE 7TH
Aberdeen Ironbirds batting - Pitching for Minnesota (NYP) Twins : LHP Yeijiro Kimura
Pitching: RHP Chad Brock
Batting: RHB Wil Ochoa 0-0: Ball
1-0: Ball
2-0: Swinging Strike
2-1: Foul Ball, location: 2F
2-2: Ball
3-2: Base on Balls
Batting: LHB Vinny Rivera Pickoff Throw to First - Out! 1-3
0-0: Called Strike
0-1: SOLO HOME RUN (Flyball, 89XD, EV 115.6 MPH), Distance : 449 ft
Batting: RHB Fernando Bravo 0-0: Called Strike
0-1: Ball
1-1: Ground out 5-3 (Groundball, 56, EV 111.9 MPH)
Batting: RHB Matt Berrier 0-0: Called Strike
0-1: Swinging Strike
0-2: Foul Ball, location: 2F
0-2: Ball
1-2: Ball
2-2: Ground out 5-3 (Groundball, 56S, EV 83.8 MPH)
Top of the 7th over - 1 run, 1 hit, 0 errors, 0 left on base; Aberdeen 7 - Minnesota (NYP) 1
BOTTOM OF THE 7TH
Minnesota (NYP) Twins batting - Pitching for Aberdeen Ironbirds : RHP Steve Webb
Batting: RHB Fhil Mikrakin 0-0: Called Strike
0-1: Foul Ball, location: 2F
0-2: Strikes out swinging
Pitching: RHP Manny Saldana
Batting: LHB Yasutoshi Hayashi 0-0: Ball
1-0: SINGLE (Line Drive, 4D, EV 103.8 MPH)
Batting: LHB Ben Roth 0-0: Ball
Yasutoshi Hayashi steals 2nd base
1-0: Ball
2-0: Foul Ball, location: 2F
2-1: Foul Ball, location: 2F
2-2: Ball
3-2: Ground out 4-3 (Groundball, 34, EV 83.1 MPH)
Yasutoshi Hayashi to third
Batting: SHB Juan Aguilar 0-0: Called Strike
0-1: Ball
1-1: Ball
2-1: Ball
3-1: Ground out 4-3 (Groundball, 4, EV 83.8 MPH)
Bottom of the 7th over - 0 runs, 1 hit, 0 errors, 1 left on base; Aberdeen 7 - Minnesota (NYP) 1
TOP OF THE 8TH
Aberdeen Ironbirds batting - Pitching for Minnesota (NYP) Twins : RHP Chad Brock
Batting: RHB Kevin Popowicz 0-0: Ground out 6-3 (Groundball, 6, EV 103.8 MPH)
Pitching: RHP Cody Bryant
Batting: RHB Jonathan Mendoza 0-0: Ball
1-0: Called Strike
1-1: Called Strike
1-2: Ball
2-2: Foul Ball, location: 2F
2-2: Ball
3-2: Base on Balls
Batting: RHB Chris McGuirk 0-0: Swinging Strike
0-1: Ball
1-1: Ball
2-1: Ball
3-1: Base on Balls
Jonathan Mendoza to second
Batting: RHB Alfredo Reguera 0-0: Ball
1-0: Ball
2-0: Called Strike
2-1: Ball
3-1: Called Strike
3-2: TRIPLE (Line Drive, 89XD, EV 106.2 MPH)
Jonathan Mendoza scores
Chris McGuirk scores
Pitching: LHP Travis Joyal
Batting: LHB Sam Williams 0-0: Ball
1-0: Ball
2-0: Called Strike
2-1: Ball
3-1: Foul Ball, location: 2F
3-2: Base on Balls
Batting: RHB Wil Ochoa 0-0: Ball
1-0: Foul Ball, location: 2F
1-1: Swinging Strike
1-2: Strikes out swinging
Pinch Hitting: LHB Pat Fontana 0-0: Ball
1-0: Ball
2-0: Called Strike
2-1: Foul Ball, location: 2F
2-2: DOUBLE (Line Drive, 89D, EV 107.5 MPH)
Alfredo Reguera scores
Sam Williams to third
Pinch Hitting: SHB Chris Wright 0-0: Called Strike
0-1: Ball
1-1: Called Strike
1-2: Strikes out swinging
Top of the 8th over - 3 runs, 2 hits, 0 errors, 2 left on base; Aberdeen 10 - Minnesota (NYP) 1
BOTTOM OF THE 8TH
Minnesota (NYP) Twins batting - Pitching for Aberdeen Ironbirds : RHP Manny Saldana
Now at 3B: Chris Wright
Now at SS: Matt Berrier
Now in LF: Pat Fontana
Now in CF: Wil Ochoa
Batting: RHB David McClellan 0-0: Called Strike
0-1: Ball
1-1: Ball
2-1: SINGLE (Groundball, 6D, EV 108.1 MPH)
Batting: RHB Caleb Bockmann 0-0: Ball
1-0: Foul Ball, location: 2F
1-1: SINGLE (Groundball, 34D, EV 110.6 MPH)
David McClellan to second
Runner from 2nd tries for 3rd, SAFE, no throw by RF
Pinch Hitting: LHB Jose Hilario 0-0: Foul Ball, location: 2F
0-1: Called Strike
0-2: Grounds into double play, 4-6-3 (Groundball, 4, EV 87.5 MPH)
David McClellan scores
Batting: RHB Steve Terrell 0-0: Ball
1-0: Ground out 5-3 (Groundball, 56, EV 82.5 MPH)
Bottom of the 8th over - 1 run, 2 hits, 0 errors, 0 left on base; Aberdeen 10 - Minnesota (NYP) 2
TOP OF THE 9TH
Aberdeen Ironbirds batting - Pitching for Minnesota (NYP) Twins : LHP Travis Joyal
Pitching: RHP Larry Muttart
Now at 1B: Jose Hilario
Batting: RHB Matt Berrier 0-0: Ball
1-0: Swinging Strike
1-1: Ball
2-1: Ball
3-1: Base on Balls
Batting: RHB Kevin Popowicz 0-0: Called Strike
Matt Berrier steals 2nd base
0-1: Ball
1-1: Foul Ball, location: 2F
1-2: Ball
2-2: Ball
3-2: Reached via error on a dropped throw from 1B, E1 (Groundball, 34, EV 79.4 MPH)
Matt Berrier to third
Batting: RHB Carlos Teniente 0-0: Ball
1-0: Ball
Kevin Popowicz steals 2nd base
2-0: Ball
3-0: Base on Balls
Pinch Hitting: RHB Simon Van Steenwyk 0-0: Ball
1-0: Ball
2-0: Ball
3-0: Called Strike
3-1: Foul Ball, location: 2F
3-2: Foul Ball, location: 2F
3-2: Base on Balls
Matt Berrier scores
Kevin Popowicz to third
Carlos Teniente to second
Batting: RHB Alfredo Reguera 0-0: Called Strike
0-1: Foul Ball, location: 2F
0-2: Ball
1-2: Ball
2-2: Ball
3-2: Foul Ball, location: 2F
3-2: Foul Ball, location: 2F
3-2: Foul Ball, location: 2F
Balk!
Kevin Popowicz scores
Carlos Teniente to third
Simon Van Steenwyk to second
3-2: Base on Balls
Pitching: LHP Sandy Benitez
Batting: LHB Sam Williams 0-0: Ball
1-0: Swinging Strike
1-1: DOUBLE (Line Drive, 89D, EV 100.6 MPH)
Carlos Teniente scores
Simon Van Steenwyk scores
Alfredo Reguera to third
Runner from 3rd tries for Home, SAFE, throw by CF to home
Batting: RHB Wil Ochoa 0-0: Foul Ball, location: 2F
0-1: Called Strike
0-2: Ball
1-2: Ball
2-2: Strikes out swinging
Batting: LHB Pat Fontana 0-0: Called Strike
0-1: Called Strike
0-2: Ball
1-2: Foul Ball, location: 2F
1-2: Foul Ball, location: 2F
1-2: Foul Ball, location: 2F
1-2: Foul Ball, location: 2F
1-2: Ball
2-2: Foul Ball, location: 2F
2-2: Hit by Pitch
Batting: SHB Chris Wright 0-0: Fielders Choice at 2nd, 3-6 (Groundball, 13, EV 79.4 MPH)
Sam Williams to third
Batting: RHB Matt Berrier 0-0: Ball
1-0: Swinging Strike
1-1: Ball
2-1: 3-RUN HOME RUN (Flyball, 7LD, EV 95.0 MPH), Distance : 358 ft
Batting: RHB Kevin Popowicz 0-0: Ball
1-0: SINGLE (Line Drive, 9LS, EV 91.2 MPH)
Batting: RHB Carlos Teniente 0-0: Called Strike
0-1: Ball
1-1: Ball
2-1: Swinging Strike
2-2: Ball
3-2: Strikes out swinging
Top of the 9th over - 8 runs, 3 hits, 1 error, 1 left on base; Aberdeen 18 - Minnesota (NYP) 2
BOTTOM OF THE 9TH
Minnesota (NYP) Twins batting - Pitching for Aberdeen Ironbirds : RHP Manny Saldana
Now at C: Simon Van Steenwyk
Batting: RHB Pat Adams 0-0: Ball
1-0: Called Strike
1-1: Ball
2-1: Foul Ball, location: 2F
2-2: Strikes out looking
Batting: RHB Fhil Mikrakin 0-0: Called Strike
0-1: Ball
1-1: Ball
2-1: Foul Ball, location: 2F
2-2: Strikes out swinging
Batting: LHB Yasutoshi Hayashi 0-0: Swinging Strike
0-1: Ball
1-1: Foul Ball, location: 2F
1-2: Strikes out swinging
Bottom of the 9th over - 0 runs, 0 hits, 0 errors, 0 left on base; Aberdeen 18 - Minnesota (NYP) 2
Tuesday, March 28th , 2023 - OOTP Baseball 23.10 Build 110